 Dungeon Crawl Stone Soup version 0.30-a0-534-gdc55766716 (webtiles) character file.

Game seed: 14124908020722635193

45 hikkokomori the Slasher (level 3, -1/21 HPs)
             Began as a Tengu Warper on Dec 25, 2022.
             Slain by an adder (2 damage)
             ... on level 1 of the Dungeon.
             The game lasted 00:03:10 (936 turns).

hikkokomori the Slasher (Tengu Warper)               Turns: 936, Time: 00:03:10

Health: -1/21      AC:  3    Str: 11    XL:     3   Next: 64%
Magic:  7/7        EV: 12    Int: 13    God:
Gold:   26         SH:  0    Dex: 15    Spells: 6/6 levels left

rFire   . . .      SeeInvis .    a - +0 falchion
rCold   + . .      Faith    .    (no shield)
rNeg    . . .      Spirit   .    b - +0 leather armour
rPois   .          Reflect  .    (helmet restricted)
rElec   .          Harm     .    (no cloak)
rCorr   .          Rampage  .    (no gloves)
Will    .....                    (boots unavailable)
Stlth   ++                       (no amulet)
HPRegen 0.23/turn                h - ring of protection from cold
MPRegen 0.10/turn                (no ring)

@: no status effects
A: beak, talons 3
a: no special abilities


You were on level 1 of the Dungeon.
You visited 1 branch of the dungeon, and saw 2 of its levels.

You collected 26 gold pieces.

Inventory:

Hand Weapons
 a - a +0 falchion (weapon)
Missiles
 d - 7 boomerangs of dispersal (quivered)
Armour
 b - a +0 leather armour (worn)
Jewellery
 h - a ring of protection from cold (left hand)
Scrolls
 c - a scroll of blinking
 g - 2 scrolls of identify {unknown}
 j - a scroll of torment {unknown}
 k - a scroll of magic mapping {unknown}
Potions
 e - a potion of might {unknown}
 f - a potion of mutation {unknown}


   Skills:
 - Level 2.0 Fighting
 + Level 3.0 Long Blades
 - Level 1.0 Throwing
 - Level 1.1 Armour
 - Level 2.1 Dodging
 + Level 1.7 Stealth
 - Level 2.0 Spellcasting
 + Level 2.9 Translocations


You had 6 spell levels left.
You didn't know any spells.
Your spell library contained the following spells:

 Spells                   Type           Power      Damage    Failure   Level
 Apportation              Tloc           16%        N/A       10%         1
 Blink                    Tloc           16%        N/A       16%         2
 Lesser Beckoning         Tloc           16%        N/A       30%         3
 Teleport Other           Tloc           8%         N/A       30%         3
 Vhi's Electric Charge    Tloc/Air       10%        N/A       50%         3
 Manifold Assault         Tloc           8%         N/A       69%         4
 Alistair's Intoxication  Tmut/Pois      0%         N/A       100%        5


Dungeon Overview and Level Annotations

Branches:
Dungeon (2/15)

Altars:

Annotations:
D:2 Sigmund


Innate Abilities, Weirdness & Mutations

You have a beak for a mouth.
You have claws for feet.


Message History

The adder bites you.
You are poisoned.
The adder poisons you!
There is a stone staircase leading up here.
Unknown command.
You miss the adder. Your kick misses the adder. Your peck misses the adder.
You feel sick. The adder bites you but does no damage.
Sigmund hits you from afar with a +0 scythe.
The adder bites you.
You are more poisoned.
The adder poisons you!
Unknown command.
Unknown command.
You feel less confused.
You feel sick. Sigmund barely misses you. The adder attacks as you move away!
The adder bites you but does no damage.
* * * LOW HITPOINT WARNING * * *
You feel sick. The adder bites you but does no damage.
Unknown command.
The adder attacks as you move away! The adder misses you.
* * * LOW HITPOINT WARNING * * *
You feel sick.
* * * LOW HITPOINT WARNING * * *
You feel sick.
There is a stone staircase leading up here.
Unknown command.
* * * LOW HITPOINT WARNING * * *
You feel sick. The adder bites you but does no damage.
Sigmund hits you but does no damage.
You climb upwards.
* * * LOW HITPOINT WARNING * * *
You feel sick.
There is a stone staircase leading down here.
Unknown command.
It was a potion of magic.
Magic courses through your body.
* * * LOW HITPOINT WARNING * * *
You feel sick.
You are no longer poisoned.
The adder bites you.
You die...

###### ####....# ###########
##########.....S.# #..........
................@######.########.
##########.......#....#.....†(.#.
#.......#.##.#..#####.#.
#.....))#.##.#...# #.#.
#######.#.##.....# #.#.
#.#.####.#.####.#.
#.#......#....).#.
#.###############.
#............[....


You could see an adder.

Vanquished Creatures
  A dart slug (D:1)
  A ball python (D:2)
  4 bats (D:1)
  An endoplasm (D:1)
  A giant cockroach (D:1)
  3 goblins (D:1)
  7 hobgoblins (D:1)
  4 jackals (D:1)
  2 kobolds (D:1)
  5 quokkas (D:1)
  5 frilled lizards (D:1)
  4 rats (D:1)
38 creatures vanquished.

Notes
Turn   | Place    | Note
-------+----------+-------------------------------------------
     0 | D:1      | hikkokomori the Tengu Warper began the quest for the Orb.
     0 | D:1      | Reached XP level 1. HP: 12/12 MP: 4/4
   175 | D:1      | Reached XP level 2. HP: 17/17 MP: 6/6
   216 | D:1      | Reached skill level 1 in Stealth
   250 | D:1      | Found a faded altar of an unknown god.
   339 | D:1      | Reached XP level 3. HP: 21/21 MP: 7/7
   470 | D:1      | Reached skill level 3 in Long Blades
   777 | D:2      | Noticed Sigmund
   935 | D:1      | HP: 1/21 [poisoned by an adder]
   936 | D:1      | Slain by an adder

Illustrated notes

Levels and vault maps discovered:
D:1:      co_arrival_square_in_a_square_in_a_square, layout_basic,
          ebering_ecumenical_altar_mist
D:2:      layout_rooms, serial_shops, nicolae_diamond_shop, serial_aquarium,
          aquarium_bridge_square [aquarium_subvault_wall,
          aquarium_subvault_bridge, aquarium_subvault_bridge,
          aquarium_subvault_window], aquarium_bridge_island_small
          [aquarium_subvault_small_open, aquarium_subvault_bridge,
          aquarium_subvault_bridge, aquarium_subvault_window,
          aquarium_subvault_wall], aquarium_window_1, aquarium_window_2,
          aquarium_window_corner, aquarium_window_corridor_3, aquarium_view_2b,
          aquarium_pool_five, minmay_misc_feat_more_columns,
          minmay_diced_spiral, uniq_sigmund

Skill      XL: |  1  2  3 |
---------------+----------+-----
Stealth        | 1 |  1.7
Long Blades    | 3 |  3.0
Fighting       | |  2.0
Throwing       | |  1.0
Armour         | |  1.1
Dodging        | |  2.1
Spellcasting   | |  2.0
Translocations | |  2.9

Action                   || total
-------------------------++-------
Melee: Falchion          ||    79
       Kick              ||    15
       Peck              ||    11
  Use: Potion            ||     1
 Stab: Sleeping          ||     2
Armor: Leather armour    ||    26
Dodge: Dodged            ||    67

Table legend: (Time is in decaauts)
 A = Elapsed time spent in this place.
 B = Non-inter-level travel time spent in this place.
 C = Inter-level travel time spent in this place.
 D = Time resting spent in this place.
 E = Time spent auto-exploring this place.
 F = Levels seen in this place.
 G = Mean time per level.
                   A        B        C        D        E       F      G
               +--------+--------+--------+--------+--------+-----+--------+
         Total |    949 |    892 |     57 |     70 |    572 |   2 |  474.5 |
       Dungeon |    949 |    892 |     57 |     70 |    572 |   2 |  474.5 |
               +--------+--------+--------+--------+--------+-----+--------+

Top non-repeatable levels by time:
     D:1: 904 daAuts
     D:2: 45 daAuts
